 Dungeon Crawl Stone Soup version 0.13.0-17-g5f0e85f (webtiles) character file.

136 MDvedh the Chopper (level 3, -2/33 HPs)
             Began as a Minotaur Berserker on Oct 21, 2013.
             Was a Believer of Trog.
             Slain by Sigmund
             ... wielding a +0,+0 scythe
              (8 damage)
             ... on Level 2 of the Dungeon.
             The game lasted 00:01:52 (1023 turns).

MDvedh the Chopper (Minotaur Berserker)             Turns: 1023, Time: 00:01:52

HP  -2/33        AC  3     Str 27      XL: 3   Next: 50%
MP   0/0         EV 12     Int  4      God: Trog [**....]
Gold 88          SH  0     Dex  9      Spells:  0 memorised,  2 levels left

Res.Fire  : . . .   See Invis. : .   a - +0 hand axe {=f}
Res.Cold  : . . .   Warding    : .   b - +0 animal skin
Life Prot.: . . .   Conserve   : .   (no shield)
Res.Poison: .       Res.Corr.  : .   (helmet restricted)
Res.Elec. : .       Clarity    : .   (no cloak)
Sust.Abil.: . .     Spirit.Shd : .   (no gloves)
Res.Mut.  : .       Stasis     : .   (no boots)
Res.Rott. : .       Flight     : .   (no amulet)
Saprovore : . . .                    (no ring)
                                     (no ring)

@: mighty, not resistant to hostile enchantments, very unstealthy
A: retaliatory headbutt, horns 2, blurry vision 1, -10% mp, AC +1
a: Burn Spellbooks, Berserk, Trog's Hand, Renounce Religion


You were on level 2 of the Dungeon.
You worshipped Trog.
Trog was pleased with you.
You were not hungry.

You visited 1 branch of the dungeon, and saw 2 of its levels.

You collected 68 gold pieces.

Inventory:

Hand weapons
 a - a +0,+0 hand axe (weapon) {=f}
Armour
 b - a +0 animal skin (worn)
Comestibles
 c - 3 bread rations
 h - 2 meat rations
Scrolls
 d - 2 scrolls of identify {unknown}
 e - 2 scrolls of fog {unknown}
 g - 2 scrolls of curse weapon {unknown}
 j - a scroll of remove curse {unknown}
 k - a scroll of enchant weapon I {unknown}
 n - a scroll of random uselessness {unknown}
 o - a scroll of recharging {unknown}
Potions
 i - 2 potions of magic


   Skills:
 - Level 3.6 Fighting
 + Level 5.5 Axes
 - Level 2.4 Armour
 - Level 2.1 Dodging


You had 2 spell levels left.
You didn't know any spells.

Dungeon Overview and Level Annotations

Branches:
Dungeon (2/27)

Altars:
Kikubaaqudgha
Nemelex Xobeh

Annotations:
D:2 Sigmund


Innate Abilities, Weirdness & Mutations

You reflexively headbutt those who attack you in melee.
You have a pair of horns on your head.
Your vision is a little blurry.
Your magical capacity is low (-10% MP).
You are covered in fur (AC +1).


Message History

You are too confused!
The puff of flame hits you!
* * * LOW HITPOINT WARNING * * *
Unknown command.
You're too confused!
Drink which item? (? for menu, Esc to quit)
Magic courses through your body.
It was a potion of magic.
You hear a zap.
Drink which item? (? for menu, Esc to quit)
You feel very mighty all of a sudden.
It was a potion of might.
Drink which item? (? for menu, Esc to quit)
You feel extremely strange.
You feel less energetic. Fur sprouts all over your body.
Your vision blurs.
It was a potion of mutation.
The magic dart hits you!
* * * LOW HITPOINT WARNING * * *
It hits you but does no damage.
Drink which item? (? for menu, Esc to quit)
You feel better.
It was a potion of curing.
It hits you!
You die...

##################
#..(.............#
#.##(............#######
#.##.............#.......
#.##.(...................
#>#####.####....@#.######
#.# #.# #.....# # #.# #.#
#.# #.....# #.# #.# #.#
#.....# #.# #.# #.#
#.#####. #.# ).#####.##
#.# #.######.##
.......... ... .........
..#####.## #.# #.#...##.#
..#####.# #.#...##.######


There were no monsters in sight!

Vanquished Creatures
  An inept item mimic (D:2)
  2 worms (D:2)
  A giant gecko (D:2)
  5 giant cockroaches (D:1)
  4 goblins
  3 hobgoblins (D:1)
  An ooze (D:1)
  2 bats
  8 giant newts
  A kobold (D:2)
  3 rats
31 creatures vanquished.

Notes
Turn   | Place    | Note
--------------------------------------------------------------
     0 | D:1      | MDvedh, the Minotaur Berserker, began the quest for the Orb.
     0 | D:1      | Reached XP level 1. HP: 19/19 MP: 0/0
    66 | D:1      | Reached skill level 4 in Axes
   178 | D:1      | Reached XP level 2. HP: 19/26 MP: 0/0
   487 | D:1      | Found a sparkling altar of Nemelex Xobeh.
   715 | D:2      | Found an ancient bone altar of Kikubaaqudgha.
   813 | D:2      | Reached skill level 5 in Axes
   876 | D:2      | Reached XP level 3. HP: 13/33 MP: 1/1
   906 | D:2      | Acquired Trog's second power
  1013 | D:2      | Noticed Sigmund
  1022 | D:2      | Gained mutation: Your magical capacity is low (-10% MP). [potion of mutation]
  1022 | D:2      | Gained mutation: You are covered in fur (AC +1). [potion of mutation]
  1022 | D:2      | Gained mutation: Your vision is a little blurry. [potion of mutation]
  1022 | D:2      | HP: 1/33 [it/magic dart (8)]
  1023 | D:2      | Slain by Sigmund

Action                   || total
-------------------------++-------
Melee: Hand axe          ||    65
Invok: Berserk           ||     1
  Use: Potion            ||     4
